Devils vs Flyers (R1)

Created - 1 octobre 2014 at 23:09

Goals
1 2 3 T
Devils 2 3 1 6
Flyers 0 3 0 3
Shots
1 2 3 T
Devils 13 10 7 30
Flyers 16 20 7 43

1st period

1. Devils , Maxim Afinogenov 4 (Zach Parise, Andy Greene) at 11:28
2. Devils , Zach Parise 2 (Jason Arnott, Maxim Afinogenov) at 12:57

Penalties :
Jonas Hoglund (Phi) for Hooking (Minor) at 3:03, Sydney Crosby (Phi) for Fighting (Major) at 10:10, Vincent Lecavalier (NJD) for Fighting (Major) at 10:10, Jonathan Ericsson (Phi) for Hooking (Minor) at 13:02, Andy Greene (NJD) for High sticking (Minor) at 15:40, Michael Ryder (Phi) for High sticking (Minor) at 16:07

2nd period

3. Devils , Ladislav Nagy 3 (Brad Ference, Dustin Boyd) at 3:50
4. Devils , Greg Stewart 1 (Ladislav Nagy, Mike Lundin) at 6:41 (SH)
5. Devils , Maxim Afinogenov 5 (Stephen Weiss, Guillaume Latendresse) at 10:54 (PP)
6. Flyers , Scottie Upshall 1 (Ladislav Smid, Mike Cammalleri) at 15:06
7. Flyers , Mike Cammalleri 2 (Michael Ryder) at 15:33 (PP)
8. Flyers , Pascal Dupuis 1 (Sydney Crosby, Derek Boogaard) at 16:10

Penalties :
Patric Hornqvist (NJD) for Hooking (Minor) at 4:51, Sydney Crosby (Phi) for Goalie Interference (Minor) at 10:17, Vincent Lecavalier (NJD) for Hooking (Minor) at 15:29

3rd period

9. Devils , Maxim Afinogenov 6 (Jay Bouwmeester) at 14:43

Penalties :
Jeff O'Neill (Phi) for Hooking (Minor) at 15:55

Goalie Stats

Viktor Fasth (NJD), 40 saves from 43 shots - (0,930), W, 4-0-0, 60:00 minutes
Antti Niemi (Phi), 14 saves from 18 shots - (0,778), L, 0-2-1, 26:41 minutes
Chris Mason (Phi), 10 saves from 12 shots - (0,833), 33:19 minutes

Players Stats for Devils

Player Name              G  A  P  +/- PIM S  H  SB GA TA FO     MP     PP MP  PK MP  
------------------------------------------------------------------------------------
Andy Greene              0  1  1   1  2   0  2  0  0  0  0/0    12:01   0:27   0:00 
Antti Miettinen          0  0  0  -1  0   1  1  0  0  0  0/1    10:20   0:48   1:43 
Ben Lovejoy              0  0  0  -1  0   0  0  2  0  1  0/0    18:47   3:43   0:00 
Brad Ference             0  1  1   2  0   0  2  0  0  0  0/0    16:50   0:27   0:40 
Dustin Boyd              0  1  1   1  0   1  0  0  0  0  1/3     9:59   0:00   0:00 
Greg Stewart             1  0  1   0  0   1  1  0  2  0  0/0     7:11   0:00   0:16 
Guillaume Latendresse    0  1  1  -1  0   6  2  0  0  1  0/0    17:25   3:03   0:00 
Jason Arnott             0  1  1   1  0   0  0  0  1  0  4/10   13:02   0:53   1:43 
Jay Bouwmeester          0  1  1   2  0   2  4  0  0  0  0/0    25:06   2:51   1:50 
Ladislav Nagy            1  1  2   2  0   2  2  1  0  0  0/0    11:23   0:27   0:16 
Maxim Afinogenov         3  1  4   3  0   6  2  0  0  0  1/3    20:44   3:03   0:00 
Mike Komisarek           0  0  0   2  0   2  0  1  1  1  0/0    26:54   4:10   1:50 
Mike Lundin              0  1  1   0  0   1  3  1  0  1  0/0    21:05   2:51   0:40 
Patric Hornqvist         0  0  0  -1  2   1  1  0  1  0  0/0    17:35   3:31   0:00 
Patrick Eaves            0  0  0   1  0   0  2  0  0  0  0/0     9:27   0:00   0:00 
Stephen Weiss            0  1  1  -1  0   1  1  2  0  0  6/17   17:25   3:03   0:00 
Vincent Lecavalier       0  0  0   1  7   2  1  0  1  0  12/36  18:18   2:17   0:31 
Zach Parise              1  1  2   3  0   4  6  0  1  0  1/1    22:22   3:31   0:31 

Players Stats for Flyers

Player Name              G  A  P  +/- PIM S  H  SB GA TA FO     MP     PP MP  PK MP  
------------------------------------------------------------------------------------
Andrei Markov            0  0  0  -2  0   0  1  1  0  1  0/0    21:58   1:14   0:54 
Brett Lebda              0  0  0  -1  0   0  1  0  0  0  0/0    16:44   0:00   4:50 
Derek Boogaard           0  1  1  -2  0   4  3  1  0  0  2/3    17:57   1:15   0:59 
Jeff O'Neill             0  0  0   0  2   4  0  0  0  0  6/7    11:48   0:00   0:16 
Jonas Hoglund            0  0  0  -1  2   3  0  0  0  0  0/0    12:58   1:15   0:00 
Jonathan Ericsson        0  0  0  -3  2   0  1  1  0  0  0/0    27:41   1:14   3:17 
Ladislav Smid            0  1  1   1  0   1  2  0  0  0  0/0    21:35   0:00   2:50 
Matthew Lombardi         0  0  0   0  0   2  0  0  0  1  6/10   11:29   0:00   4:15 
Michael Ryder            0  1  1  -1  2   5  0  2  1  1  1/2    16:28   1:14   0:00 
Mike Cammalleri          1  1  2  -2  0   3  4  0  0  2  16/26  20:54   1:15   2:21 
Pascal Dupuis            1  0  1  -1  0   5  0  2  0  1  2/2    19:42   0:00   4:15 
Petr Schastlivy          0  0  0   0  0   0  1  0  1  0  0/0     6:48   0:00   0:02 
Ryane Clowe              0  0  0  -1  0   3  1  0  1  0  1/1    18:59   1:15   1:45 
Scott Hannan             0  0  0  -2  0   0  0  0  0  0  0/0    12:53   1:16   0:00 
Scottie Upshall          1  0  1   0  0   4  0  1  0  0  1/1    11:32   0:00   0:00 
Stefan Ruzicka           0  0  0   0  0   1  2  0  1  0  0/0     6:45   0:00   0:00 
Sydney Crosby            0  1  1  -1  7   4  0  1  0  0  11/19  15:47   1:15   0:09 
Trevor Daley             0  0  0   1  0   4  0  0  0  1  0/0    19:23   1:16   2:11 

3 Stars

1 - Maxim Afinogenov (NJD)
2 - Zach Parise (NJD)
3 - Ladislav Nagy (NJD)

Power Play

Devils - 1 on 5 Attempt(s) - 20,00%
Flyers - 1 on 3 Attempt(s) - 33,33%

Penalty Kill

Devils - 2 on 3 Attempt(s) - 66,67% - Score 1 goal in Penalty Kill
Flyers - 4 on 5 Attempt(s) - 80,00% - Score 0 goal in Penalty Kill

Official

Referees : StPierre Justin and L'Ecuyer Frederick
Linesman : Jean Morin and Andy McElman

Game Notes

Vincent Lecavalier beats up Sydney Crosby at 10:10 of 1st period
Chris Mason enters game at 6:41 of 2nd period
Maxim Afinogenov has scored a Hat Trick!
Patrick Eaves is injured at 18:12 of 3rd period (Left Hand)

Finance

Level 1 -- Attendance: 5902 (98,37%) -- Ticket Income 501 670 $
Level 2 -- Attendance: 5000 (100,00%) -- Ticket Income 250 000 $
Level 3 -- Attendance: 2000 (100,00%) -- Ticket Income 60 000 $
Level 4 -- Attendance: 3888 (97,20%) -- Ticket Income 77 760 $
Luxury Box -- Attendance: 969 (96,90%) -- Ticket Income 159 885 $
Game was played at the Wells Fargo Center
Total Attendance: 17759 (98,66%)
Total Ticket Income: 1 049 315 $
Other Income: 157 397 $
Total Income: 1 206 712 $

Devils

5 vs 5 Forward 
   Center                   Left Wing                Right Wing               Time % Phy DF OF 
 1 Vincent Lecavalier       Zach Parise              Maxim Afinogenov         40     1   2  2  
 2 Stephen Weiss            Guillaume Latendresse    Patric Hornqvist         30     1   2  2  
 3 Dustin Boyd              Ladislav Nagy            Patrick Eaves            20     1   2  2  
 4 Jason Arnott             Greg Stewart             Antti Miettinen          10     1   2  2  

5 vs 5 Defense 
   Defense                  Defense                                           Time % Phy DF OF 
 1 Jay Bouwmeester          Mike Komisarek                                    40     1   2  2  
 2 Ben Lovejoy              Mike Lundin                                       30     1   2  2  
 3 Brad Ference             Andy Greene                                       20     1   2  2  
 4 Mike Lundin              Brad Ference                                      10     1   2  2  

PowerPlay Forward 
   Center                   Left Wing                Right Wing               Time % Phy DF OF 
 1 Vincent Lecavalier       Zach Parise              Patric Hornqvist         60     1   2  2  
 2 Stephen Weiss            Guillaume Latendresse    Maxim Afinogenov         40     1   2  2  

PowerPlay Defense
   Defense                  Defense                                           Time % Phy DF OF 
 1 Mike Komisarek           Ben Lovejoy                                       60     1   2  2  
 2 Jay Bouwmeester          Mike Lundin                                       40     1   2  2  

Penalty Kill 4 Players Forward 
   Center                   Wing                     Time % Phy DF OF 
 1 Jason Arnott             Antti Miettinen          60     1   2  2  
 2 Vincent Lecavalier       Zach Parise              40     1   2  2  

Penalty Kill 4 Players Defense
   Defense                  Defense                  Time % Phy DF OF 
 1 Jay Bouwmeester          Mike Komisarek           60     1   2  2  
 2 Brad Ference             Mike Lundin              40     1   2  2  

Penalty Kill - 3 Players Forward 
   Forward                                           Time % Phy DF OF 
 1 Jason Arnott                                      60     1   2  2  
 2 Vincent Lecavalier                                40     1   2  2  

Penalty Kill - 3 Players Defense
   Defense                  Defense                  Time % Phy DF OF 
 1 Brad Ference             Mike Lundin              60     1   2  2  
 2 Mike Komisarek           Jay Bouwmeester          40     1   2  2  

4 vs 4 Forward 
   Center                   Wing                     Time % Phy DF OF 
 1 Jason Arnott             Zach Parise              60     1   2  2  
 2 Stephen Weiss            Guillaume Latendresse    40     1   2  2  

4 vs 4 Defense
   Defense                  Defense                  Time % Phy DF OF 
 1 Brad Ference             Mike Komisarek           60     1   2  2  
 2 Jay Bouwmeester          Ben Lovejoy              40     1   2  2  

Last Minutes Offensive
   Center                   Left Wing                Right Wing               Defense                  Defense                  
   Vincent Lecavalier       Zach Parise              Maxim Afinogenov         Ben Lovejoy              Jay Bouwmeester          

Last Minutes Defensive
   Center                   Left Wing                Right Wing               Defense                  Defense                  
   Vincent Lecavalier       Zach Parise              Maxim Afinogenov         Ben Lovejoy              Jay Bouwmeester          

Goaltenders
Starting : Viktor Fasth             
Backup : Dan Ellis                

Extra Forwards
Normal : Jason Arnott, Antti Miettinen, Ladislav Nagy - PP : Jason Arnott, Antti Miettinen - PK : Ladislav Nagy
Extra Defensemen
Normal : Mike Lundin, Mike Komisarek, Andy Greene - PP : Mike Lundin - PK : Ben Lovejoy, Andy Greene
Penalty Shots
Vincent Lecavalier, Zach Parise, Maxim Afinogenov, Stephen Weiss, Guillaume Latendresse

Flyers

5 vs 5 Forward 
   Center                   Left Wing                Right Wing               Time % Phy DF OF 
 1 Mike Cammalleri          Ryane Clowe              Michael Ryder            35     1   2  2  
 2 Sydney Crosby            Derek Boogaard           Pascal Dupuis            35     1   2  2  
 3 Jeff O'Neill             Scottie Upshall          Jonas Hoglund            25     1   2  2  
 4 Matthew Lombardi         Petr Schastlivy          Stefan Ruzicka           5      1   2  2  

5 vs 5 Defense 
   Defense                  Defense                                           Time % Phy DF OF 
 1 Jonathan Ericsson        Andrei Markov                                     40     1   2  2  
 2 Ladislav Smid            Trevor Daley                                      30     1   2  2  
 3 Brett Lebda              Scott Hannan                                      20     1   2  2  
 4 Jonathan Ericsson        Ladislav Smid                                     10     1   2  2  

PowerPlay Forward 
   Center                   Left Wing                Right Wing               Time % Phy DF OF 
 1 Sydney Crosby            Derek Boogaard           Jonas Hoglund            50     1   2  2  
 2 Mike Cammalleri          Ryane Clowe              Michael Ryder            50     1   2  2  

PowerPlay Defense
   Defense                  Defense                                           Time % Phy DF OF 
 1 Jonathan Ericsson        Andrei Markov                                     60     1   2  2  
 2 Trevor Daley             Scott Hannan                                      40     1   2  2  

Penalty Kill 4 Players Forward 
   Center                   Wing                     Time % Phy DF OF 
 1 Matthew Lombardi         Pascal Dupuis            60     1   2  2  
 2 Mike Cammalleri          Ryane Clowe              40     1   2  2  

Penalty Kill 4 Players Defense
   Defense                  Defense                  Time % Phy DF OF 
 1 Jonathan Ericsson        Brett Lebda              60     1   2  2  
 2 Ladislav Smid            Trevor Daley             40     1   2  2  

Penalty Kill - 3 Players Forward 
   Forward                                           Time % Phy DF OF 
 1 Matthew Lombardi                                  60     1   2  2  
 2 Mike Cammalleri                                   40     1   2  2  

Penalty Kill - 3 Players Defense
   Defense                  Defense                  Time % Phy DF OF 
 1 Jonathan Ericsson        Brett Lebda              60     1   2  2  
 2 Ladislav Smid            Trevor Daley             40     1   2  2  

4 vs 4 Forward 
   Center                   Wing                     Time % Phy DF OF 
 1 Sydney Crosby            Derek Boogaard           50     1   2  2  
 2 Mike Cammalleri          Ryane Clowe              50     1   2  2  

4 vs 4 Defense
   Defense                  Defense                  Time % Phy DF OF 
 1 Jonathan Ericsson        Andrei Markov            60     1   2  2  
 2 Ladislav Smid            Trevor Daley             40     1   2  2  

Last Minutes Offensive
   Center                   Left Wing                Right Wing               Defense                  Defense                  
   Sydney Crosby            Derek Boogaard           Jonas Hoglund            Jonathan Ericsson        Andrei Markov            

Last Minutes Defensive
   Center                   Left Wing                Right Wing               Defense                  Defense                  
   Matthew Lombardi         Derek Boogaard           Pascal Dupuis            Jonathan Ericsson        Ladislav Smid            

Goaltenders
Starting : Antti Niemi              
Backup : Chris Mason              

Extra Forwards
Normal : Sydney Crosby, Mike Cammalleri, Jeff O'Neill - PP : Sydney Crosby, Mike Cammalleri - PK : Matthew Lombardi
Extra Defensemen
Normal : Jonathan Ericsson, Andrei Markov, Ladislav Smid - PP : Andrei Markov - PK : Jonathan Ericsson, Ladislav Smid
Penalty Shots
Sydney Crosby, Mike Cammalleri, Jeff O'Neill, Michael Ryder, Matthew Lombardi

% Time on Ice - Devils

Lines # - Real PCT - Wanted PCT - Time Play
Normal Forward
1 - 37% - 40% - 18:01
2 - 29% - 30% - 14:02
3 - 20% - 20% - 9:59
4 - 14% - 10% - 6:55
Normal Defense
1 - 41% - 40% - 20:05
2 - 29% - 30% - 14:15
3 - 23% - 20% - 11:18
4 - 7% - 10% - 3:19
PP Forward
1 - 57% - 60% - 3:58
2 - 43% - 40% - 3:03
PP Defense
1 - 59% - 60% - 4:10
2 - 41% - 40% - 2:51
PK Forward
1 - 79% - 60% - 1:59
2 - 21% - 40% - 0:31
PK Defense
1 - 73% - 60% - 1:50
2 - 27% - 40% - 0:40
PK3 Forward
1 - 0% - 60%
2 - 0% - 40%
PK3 Defense
1 - 0% - 60%
2 - 0% - 40%
44 Forward
1 - 78% - 60% - 1:12
2 - 22% - 40% - 0:20
44 Defense
1 - 53% - 60% - 0:49
2 - 47% - 40% - 0:43
Last Minute Offensive  - 0:00
Last Minute Defensive  - 0:00
Total
Forward - 60:00
Defense - 60:00

% Time on Ice - Flyers

Lines # - Real PCT - Wanted PCT - Time Play
Normal Forward
1 - 31% - 35% - 15:16
2 - 31% - 35% - 15:24
3 - 24% - 25% - 11:32
4 - 14% - 5% - 6:45
Normal Defense
1 - 40% - 40% - 19:27
2 - 31% - 30% - 15:04
3 - 24% - 20% - 11:37
4 - 6% - 10% - 2:49
PP Forward
1 - 50% - 50% - 1:15
2 - 50% - 50% - 1:15
PP Defense
1 - 49% - 60% - 1:14
2 - 51% - 40% - 1:16
PK Forward
1 - 75% - 60% - 5:16
2 - 25% - 40% - 1:45
PK Defense
1 - 69% - 60% - 4:50
2 - 31% - 40% - 2:11
PK3 Forward
1 - 0% - 60%
2 - 0% - 40%
PK3 Defense
1 - 0% - 60%
2 - 0% - 40%
44 Forward
1 - 49% - 50% - 0:45
2 - 51% - 50% - 0:47
44 Defense
1 - 43% - 60% - 0:40
2 - 57% - 40% - 0:52
Last Minute Offensive  - 0:00
Last Minute Defensive  - 0:00
Total
Forward - 60:00
Defense - 60:00

Play by Play

1st period


0:01 of 1st period - Vincent Lecavalier wins face-off versus Mike Cammalleri in neutral zone.
0:08 of 1st period - Slapshot by Vincent Lecavalier.
0:08 of 1st period - Shot Misses the Net.
0:10 of 1st period - Snap shot by Zach Parise.
0:10 of 1st period - Shot Blocked by Michael Ryder.
0:12 of 1st period - Slapshot by Jay Bouwmeester.
0:12 of 1st period - Stopped by Antti Niemi with a rebound.
0:14 of 1st period - Wrist shot by Mike Komisarek.
0:14 of 1st period - Shot Misses the Net.
0:16 of 1st period - Slapshot by Jay Bouwmeester.
0:16 of 1st period - Shot Blocked by Andrei Markov.
0:30 of 1st period - Off-side.
0:31 of 1st period - Sydney Crosby wins face-off versus Dustin Boyd in neutral zone.
0:44 of 1st period - Wrist shot by Derek Boogaard.
0:44 of 1st period - Stopped by Viktor Fasth with a rebound.
0:46 of 1st period - Slapshot by Sydney Crosby.
0:46 of 1st period - Deflect By Derek Boogaard.
0:46 of 1st period - Stopped by Viktor Fasth without a rebound.
0:47 of 1st period - Scottie Upshall wins face-off versus Jason Arnott in Devils zone.
0:54 of 1st period - Wrist shot by Jonas Hoglund.
0:54 of 1st period - Shot Misses the Net.
0:56 of 1st period - Slapshot by Jonas Hoglund.
0:56 of 1st period - Stopped by Viktor Fasth with a rebound.
0:58 of 1st period - Wrist shot by Jeff O'Neill.
0:58 of 1st period - Stopped by Viktor Fasth without a rebound.
0:59 of 1st period - Matthew Lombardi wins face-off versus Stephen Weiss in Devils zone.
1:21 of 1st period - Icing by Matthew Lombardi.
1:22 of 1st period - Vincent Lecavalier wins face-off versus Matthew Lombardi in Flyers zone.
1:31 of 1st period - Snap shot by Maxim Afinogenov.
1:31 of 1st period - Shot Misses the Net.
1:33 of 1st period - Backhand shot by Maxim Afinogenov.
1:33 of 1st period - Deflect By Vincent Lecavalier.
1:33 of 1st period - Stopped by Antti Niemi without a rebound.
1:34 of 1st period - Dustin Boyd wins face-off versus Mike Cammalleri in Flyers zone.
1:45 of 1st period - Snap shot by Michael Ryder.
1:45 of 1st period - Shot Misses the Net.
1:47 of 1st period - Slapshot by Trevor Daley.
1:47 of 1st period - Stopped by Viktor Fasth without a rebound.
1:48 of 1st period - Jeff O'Neill wins face-off versus Vincent Lecavalier in Devils zone.
1:56 of 1st period - Wrist shot by Jeff O'Neill.
1:56 of 1st period - Stopped by Viktor Fasth with a rebound.
1:58 of 1st period - Snap shot by Scottie Upshall.
1:58 of 1st period - Deflect By Jeff O'Neill.
1:58 of 1st period - Shot Misses the Net.
1:58 of 1st period - Puck is out of play.
1:59 of 1st period - Sydney Crosby wins face-off versus Stephen Weiss in Devils zone.
2:26 of 1st period - Mike Komisarek is hit by Ryane Clowe and loses puck.
2:33 of 1st period - Snap shot by Vincent Lecavalier.
2:33 of 1st period - Stopped by Antti Niemi with a rebound.
3:03 of 1st period - Minor Penalty to Jonas Hoglund for Hooking.
3:04 of 1st period - Matthew Lombardi wins face-off versus Vincent Lecavalier in Flyers zone.
3:13 of 1st period - Snap shot by Matthew Lombardi.
3:13 of 1st period - Stopped by Viktor Fasth with a rebound.
3:30 of 1st period - Icing by Mike Komisarek.
3:31 of 1st period - Matthew Lombardi wins face-off versus Stephen Weiss in Devils zone.
3:32 of 1st period - Slapshot by Pascal Dupuis.
3:32 of 1st period - Stopped by Viktor Fasth with a rebound.
4:11 of 1st period - Snap shot by Stephen Weiss.
4:11 of 1st period - Shot Misses the Net.
4:13 of 1st period - Snap shot by Mike Komisarek.
4:13 of 1st period - Stopped by Antti Niemi without a rebound.
4:14 of 1st period - Vincent Lecavalier wins face-off versus Matthew Lombardi in Flyers zone.
4:15 of 1st period - Slapshot by Zach Parise.
4:15 of 1st period - Shot Misses the Net.
4:17 of 1st period - Wrist shot by Vincent Lecavalier.
4:17 of 1st period - Shot Misses the Net.
4:19 of 1st period - Snap shot by Zach Parise.
4:19 of 1st period - Stopped by Antti Niemi without a rebound.
4:20 of 1st period - Vincent Lecavalier wins face-off versus Matthew Lombardi in Flyers zone.
4:48 of 1st period - Brett Lebda is hit by Maxim Afinogenov and loses puck.
5:03 of 1st period - Penalty to Jonas Hoglund is over, Jonas Hoglund is back on ice.
5:20 of 1st period - Slapshot by Scottie Upshall.
5:20 of 1st period - Shot Blocked by Ladislav Nagy.
7:27 of 1st period - Wrist shot by Maxim Afinogenov.
7:27 of 1st period - Stopped by Antti Niemi without a rebound.
7:28 of 1st period - Jeff O'Neill wins face-off versus Vincent Lecavalier in Flyers zone.
7:39 of 1st period - Snap shot by Jonas Hoglund.
7:39 of 1st period - Stopped by Viktor Fasth without a rebound.
7:40 of 1st period - Sydney Crosby wins face-off versus Vincent Lecavalier in Devils zone.
7:55 of 1st period - Snap shot by Derek Boogaard.
7:55 of 1st period - Shot Misses the Net.
8:07 of 1st period - Ryane Clowe is hit by Patric Hornqvist and loses puck.
8:58 of 1st period - Wrist shot by Derek Boogaard.
8:58 of 1st period - Shot Misses the Net.
9:20 of 1st period - Jason Arnott is hit by Stefan Ruzicka and loses puck.
9:32 of 1st period - Off-side.
9:33 of 1st period - Mike Cammalleri wins face-off versus Stephen Weiss in neutral zone.
9:58 of 1st period - Sydney Crosby is hit by Jay Bouwmeester and loses puck.
10:03 of 1st period - Wrist shot by Maxim Afinogenov.
10:03 of 1st period - Stopped by Antti Niemi without a rebound.
10:04 of 1st period - Pascal Dupuis wins face-off versus Vincent Lecavalier in Flyers zone.
10:10 of 1st period - Vincent Lecavalier beats up Sydney Crosby.
10:10 of 1st period - Penalty to Sydney Crosby for Fighting.
10:10 of 1st period - Penalty to Vincent Lecavalier for Fighting.
10:11 of 1st period - Mike Cammalleri wins face-off versus Maxim Afinogenov in Devils zone.
10:18 of 1st period - Derek Boogaard is hit by Zach Parise and loses puck.
10:37 of 1st period - Mike Cammalleri is hit by Patrick Eaves and loses puck.
10:54 of 1st period - Wrist shot by Mike Cammalleri.
10:54 of 1st period - Shot Misses the Net.
11:08 of 1st period - Backhand shot by Patric Hornqvist.
11:08 of 1st period - Shot Misses the Net.
11:14 of 1st period - Snap shot by Guillaume Latendresse.
11:14 of 1st period - Shot Blocked by Jonathan Ericsson.
11:28 of 1st period - Wrist shot by Maxim Afinogenov.
11:28 of 1st period - Goal by Maxim Afinogenov - Devils : 1 - Flyers : 0.
11:29 of 1st period - Jeff O'Neill wins face-off versus Jason Arnott in neutral zone.
11:47 of 1st period - Jonas Hoglund is hit by Jay Bouwmeester.
12:14 of 1st period - Slapshot by Zach Parise.
12:14 of 1st period - Stopped by Antti Niemi with a rebound.
12:40 of 1st period - Snap shot by Stefan Ruzicka.
12:40 of 1st period - Shot Blocked by Mike Komisarek.
12:43 of 1st period - Icing by Maxim Afinogenov.
12:44 of 1st period - Jason Arnott wins face-off versus Mike Cammalleri in Devils zone.
12:55 of 1st period - Slapshot by Jason Arnott.
12:55 of 1st period - Shot Misses the Net.
12:57 of 1st period - Wrist shot by Zach Parise.
12:57 of 1st period - Goal by Zach Parise - Devils : 2 - Flyers : 0.
12:58 of 1st period - Ryane Clowe wins face-off versus Stephen Weiss in neutral zone.
13:02 of 1st period - Minor Penalty to Jonathan Ericsson for Hooking.
13:03 of 1st period - Matthew Lombardi wins face-off versus Jason Arnott in Flyers zone.
13:10 of 1st period - Wrist shot by Pascal Dupuis.
13:10 of 1st period - Stopped by Viktor Fasth with a rebound.
13:38 of 1st period - Snap shot by Matthew Lombardi.
13:38 of 1st period - Deflect By Mike Cammalleri.
13:38 of 1st period - Deflect By Zach Parise.
13:38 of 1st period - Shot Misses the Net.
13:38 of 1st period - Puck is out of play.
13:39 of 1st period - Mike Cammalleri wins face-off versus Antti Miettinen in Devils zone.
14:06 of 1st period - Snap shot by Maxim Afinogenov.
14:06 of 1st period - Stopped by Antti Niemi with a rebound.
14:18 of 1st period - Slapshot by Patric Hornqvist.
14:18 of 1st period - Stopped by Antti Niemi with a rebound.
14:20 of 1st period - Slapshot by Patric Hornqvist.
14:20 of 1st period - Shot Misses the Net.
14:52 of 1st period - Icing by Zach Parise.
14:53 of 1st period - Matthew Lombardi wins face-off versus Jason Arnott in Devils zone.
15:02 of 1st period - Penalty to Jonathan Ericsson is over, Jonathan Ericsson is back on ice.
15:10 of 1st period - Slapshot by Guillaume Latendresse.
15:10 of 1st period - Stopped by Antti Niemi with a rebound.
15:12 of 1st period - Wrist shot by Guillaume Latendresse.
15:12 of 1st period - Shot Misses the Net.
15:26 of 1st period - Snap shot by Scottie Upshall.
15:26 of 1st period - Stopped by Viktor Fasth with a rebound.
15:40 of 1st period - Minor Penalty to Andy Greene for High sticking.
15:41 of 1st period - Jason Arnott wins face-off versus Sydney Crosby in Devils zone.
15:41 of 1st period - Jason Arnott is hit by Jonathan Ericsson.
16:07 of 1st period - Minor Penalty to Michael Ryder for High sticking.
16:08 of 1st period - Sydney Crosby wins face-off versus Jason Arnott in Flyers zone.
16:19 of 1st period - Snap shot by Sydney Crosby.
16:19 of 1st period - Stopped by Viktor Fasth with a rebound.
17:36 of 1st period - Ryane Clowe is hit by Antti Miettinen and loses puck.
17:40 of 1st period - Penalty to Andy Greene is over, Andy Greene is back on ice.
18:07 of 1st period - Penalty to Michael Ryder is over, Michael Ryder is back on ice.
18:21 of 1st period - Snap shot by Matthew Lombardi.
18:21 of 1st period - Stopped by Viktor Fasth with a rebound.
18:23 of 1st period - Slapshot by Jonathan Ericsson.
18:23 of 1st period - Deflect By Pascal Dupuis.
18:23 of 1st period - Stopped by Viktor Fasth without a rebound.
18:24 of 1st period - Jeff O'Neill wins face-off versus Stephen Weiss in Devils zone.
18:27 of 1st period - Wrist shot by Jeff O'Neill.
18:27 of 1st period - Stopped by Viktor Fasth with a rebound.
19:18 of 1st period - Ben Lovejoy is hit by Andrei Markov and loses puck.
19:23 of 1st period - Snap shot by Sydney Crosby.
19:23 of 1st period - Stopped by Viktor Fasth without a rebound.
19:24 of 1st period - Mike Cammalleri wins face-off versus Stephen Weiss in Devils zone.
19:55 of 1st period - Off-side.
19:56 of 1st period - Sydney Crosby wins face-off versus Vincent Lecavalier in neutral zone.
Goals for this period are 2 for Devils vs 0 for Flyers.
Shots for this period are 13 for Devils vs 16 for Flyers.

2nd period


0:01 of 2nd period - Stephen Weiss wins face-off versus Mike Cammalleri in neutral zone.
0:03 of 2nd period - Off-side.
0:04 of 2nd period - Mike Cammalleri wins face-off versus Stephen Weiss in neutral zone.
0:11 of 2nd period - Slapshot by Guillaume Latendresse.
0:11 of 2nd period - Stopped by Antti Niemi without a rebound.
0:12 of 2nd period - Mike Cammalleri wins face-off versus Vincent Lecavalier in Flyers zone.
0:56 of 2nd period - Mike Komisarek is hit by Ladislav Smid and loses puck.
1:05 of 2nd period - Slapshot by Jay Bouwmeester.
1:05 of 2nd period - Stopped by Antti Niemi without a rebound.
1:06 of 2nd period - Mike Cammalleri wins face-off versus Vincent Lecavalier in Flyers zone.
1:06 of 2nd period - Mike Cammalleri is hit by Zach Parise.
1:32 of 2nd period - Jonathan Ericsson is hit by Patrick Eaves and loses puck.
1:39 of 2nd period - Wrist shot by Dustin Boyd.
1:39 of 2nd period - Stopped by Antti Niemi without a rebound.
1:40 of 2nd period - Sydney Crosby wins face-off versus Stephen Weiss in Flyers zone.
1:45 of 2nd period - Snap shot by Sydney Crosby.
1:45 of 2nd period - Shot Misses the Net.
2:07 of 2nd period - Brett Lebda is hit by Jay Bouwmeester and loses puck.
2:14 of 2nd period - Jay Bouwmeester is hit by Mike Cammalleri and loses puck.
2:35 of 2nd period - Ladislav Nagy is hit by Petr Schastlivy and loses puck.
2:56 of 2nd period - Slapshot by Scottie Upshall.
2:56 of 2nd period - Stopped by Viktor Fasth with a rebound.
2:58 of 2nd period - Slapshot by Trevor Daley.
2:58 of 2nd period - Stopped by Viktor Fasth without a rebound.
2:59 of 2nd period - Mike Cammalleri wins face-off versus Vincent Lecavalier in Devils zone.
3:48 of 2nd period - Snap shot by Brad Ference.
3:48 of 2nd period - Shot Misses the Net.
3:50 of 2nd period - Wrist shot by Ladislav Nagy.
3:50 of 2nd period - Goal by Ladislav Nagy - Devils : 3 - Flyers : 0.
3:51 of 2nd period - Michael Ryder wins face-off versus Vincent Lecavalier in neutral zone.
4:00 of 2nd period - Wrist shot by Ryane Clowe.
4:00 of 2nd period - Shot Misses the Net.
4:02 of 2nd period - Wrist shot by Mike Cammalleri.
4:02 of 2nd period - Deflect By Michael Ryder.
4:02 of 2nd period - Stopped by Viktor Fasth without a rebound.
4:03 of 2nd period - Derek Boogaard wins face-off versus Vincent Lecavalier in Devils zone.
4:51 of 2nd period - Minor Penalty to Patric Hornqvist for Hooking.
4:52 of 2nd period - Jason Arnott wins face-off versus Mike Cammalleri in Devils zone.
5:05 of 2nd period - Slapshot by Mike Cammalleri.
5:05 of 2nd period - Stopped by Viktor Fasth with a rebound.
5:48 of 2nd period - Icing by Jonathan Ericsson.
5:49 of 2nd period - Derek Boogaard wins face-off versus Vincent Lecavalier in Flyers zone.
5:56 of 2nd period - Michael Ryder is hit by Vincent Lecavalier and loses puck.
6:41 of 2nd period - Snap shot by Greg Stewart.
6:41 of 2nd period - Goal by Greg Stewart - Devils : 4 - Flyers : 0.
6:41 of 2nd period - Chris Mason enters game.
6:42 of 2nd period - Jason Arnott wins face-off versus Mike Cammalleri in neutral zone.
6:51 of 2nd period - Penalty to Patric Hornqvist is over, Patric Hornqvist is back on ice.
7:56 of 2nd period - Snap shot by Jonas Hoglund.
7:56 of 2nd period - Stopped by Viktor Fasth with a rebound.
8:04 of 2nd period - Slapshot by Scottie Upshall.
8:04 of 2nd period - Shot Blocked by Ben Lovejoy.
8:06 of 2nd period - Snap shot by Trevor Daley.
8:06 of 2nd period - Deflect By Scottie Upshall.
8:06 of 2nd period - Shot Misses the Net.
8:06 of 2nd period - Puck is out of play.
8:07 of 2nd period - Vincent Lecavalier wins face-off versus Mike Cammalleri in Devils zone.
8:12 of 2nd period - Wrist shot by Ryane Clowe.
8:12 of 2nd period - Shot Misses the Net.
8:38 of 2nd period - Icing by Patric Hornqvist.
8:39 of 2nd period - Stephen Weiss wins face-off versus Sydney Crosby in Devils zone.
8:46 of 2nd period - Snap shot by Stephen Weiss.
8:46 of 2nd period - Stopped by Chris Mason with a rebound.
8:48 of 2nd period - Slapshot by Mike Komisarek.
8:48 of 2nd period - Shot Blocked by Pascal Dupuis.
8:50 of 2nd period - Snap shot by Guillaume Latendresse.
8:50 of 2nd period - Stopped by Chris Mason with a rebound.
8:52 of 2nd period - Snap shot by Guillaume Latendresse.
8:52 of 2nd period - Stopped by Chris Mason with a rebound.
8:54 of 2nd period - Wrist shot by Patric Hornqvist.
8:54 of 2nd period - Shot Blocked by Pascal Dupuis.
8:56 of 2nd period - Wrist shot by Jay Bouwmeester.
8:56 of 2nd period - Shot Blocked by Sydney Crosby.
8:58 of 2nd period - Snap shot by Patric Hornqvist.
8:58 of 2nd period - Shot Misses the Net.
9:36 of 2nd period - Snap shot by Stephen Weiss.
9:36 of 2nd period - Deflect By Scott Hannan.
9:36 of 2nd period - Shot Misses the Net.
9:36 of 2nd period - Puck is out of play.
9:37 of 2nd period - Mike Cammalleri wins face-off versus Vincent Lecavalier in Flyers zone.
10:02 of 2nd period - Andrei Markov is hit by Mike Lundin and loses puck.
10:17 of 2nd period - Minor Penalty to Sydney Crosby for Goalie Interference.
10:18 of 2nd period - Matthew Lombardi wins face-off versus Vincent Lecavalier in Flyers zone.
10:54 of 2nd period - Slapshot by Maxim Afinogenov.
10:54 of 2nd period - Goal by Maxim Afinogenov - Devils : 5 - Flyers : 0.
10:55 of 2nd period - Mike Cammalleri wins face-off versus Vincent Lecavalier in neutral zone.
11:06 of 2nd period - Wrist shot by Ryane Clowe.
11:06 of 2nd period - Stopped by Viktor Fasth with a rebound.
11:43 of 2nd period - Wrist shot by Scottie Upshall.
11:43 of 2nd period - Shot Misses the Net.
12:07 of 2nd period - Wrist shot by Antti Miettinen.
12:07 of 2nd period - Stopped by Chris Mason without a rebound.
12:08 of 2nd period - Vincent Lecavalier wins face-off versus Mike Cammalleri in Flyers zone.
12:54 of 2nd period - Off-side.
12:55 of 2nd period - Stephen Weiss wins face-off versus Sydney Crosby in neutral zone.
13:50 of 2nd period - Snap shot by Jeff O'Neill.
13:50 of 2nd period - Stopped by Viktor Fasth with a rebound.
14:00 of 2nd period - Matthew Lombardi is hit by Maxim Afinogenov and loses puck.
14:25 of 2nd period - Sydney Crosby is hit by Brad Ference and loses puck.
15:02 of 2nd period - Wrist shot by Mike Cammalleri.
15:02 of 2nd period - Shot Misses the Net.
15:04 of 2nd period - Slapshot by Ladislav Smid.
15:04 of 2nd period - Stopped by Viktor Fasth with a rebound.
15:06 of 2nd period - Slapshot by Scottie Upshall.
15:06 of 2nd period - Goal by Scottie Upshall - Devils : 5 - Flyers : 1.
15:07 of 2nd period - Mike Cammalleri wins face-off versus Vincent Lecavalier in neutral zone.
15:23 of 2nd period - Snap shot by Michael Ryder.
15:23 of 2nd period - Shot Misses the Net.
15:29 of 2nd period - Minor Penalty to Vincent Lecavalier for Hooking.
15:30 of 2nd period - Mike Cammalleri wins face-off versus Jason Arnott in Devils zone.
15:33 of 2nd period - Snap shot by Mike Cammalleri.
15:33 of 2nd period - Goal by Mike Cammalleri - Devils : 5 - Flyers : 2.
15:34 of 2nd period - Vincent Lecavalier wins face-off versus Mike Cammalleri in neutral zone.
15:49 of 2nd period - Snap shot by Zach Parise.
15:49 of 2nd period - Shot Blocked by Michael Ryder.
16:01 of 2nd period - Patric Hornqvist is hit by Derek Boogaard.
16:04 of 2nd period - Icing by Brad Ference.
16:05 of 2nd period - Sydney Crosby wins face-off versus Stephen Weiss in Devils zone.
16:08 of 2nd period - Slapshot by Sydney Crosby.
16:08 of 2nd period - Stopped by Viktor Fasth with a rebound.
16:10 of 2nd period - Wrist shot by Pascal Dupuis.
16:10 of 2nd period - Goal by Pascal Dupuis - Devils : 5 - Flyers : 3.
16:11 of 2nd period - Mike Cammalleri wins face-off versus Vincent Lecavalier in neutral zone.
16:21 of 2nd period - Ladislav Smid is hit by Mike Lundin and loses puck.
16:41 of 2nd period - Sydney Crosby is hit by Guillaume Latendresse and loses puck.
17:35 of 2nd period - Off-side.
17:36 of 2nd period - Maxim Afinogenov wins face-off versus Sydney Crosby in neutral zone.
17:45 of 2nd period - Slapshot by Derek Boogaard.
17:45 of 2nd period - Stopped by Viktor Fasth with a rebound.
17:47 of 2nd period - Snap shot by Pascal Dupuis.
17:47 of 2nd period - Shot Misses the Net.
17:49 of 2nd period - Snap shot by Derek Boogaard.
17:49 of 2nd period - Deflect By Maxim Afinogenov.
17:49 of 2nd period - Stopped by Viktor Fasth with a rebound.
17:51 of 2nd period - Snap shot by Pascal Dupuis.
17:51 of 2nd period - Stopped by Viktor Fasth without a rebound.
17:52 of 2nd period - Stephen Weiss wins face-off versus Mike Cammalleri in Devils zone.
18:01 of 2nd period - Wrist shot by Ryane Clowe.
18:01 of 2nd period - Stopped by Viktor Fasth without a rebound.
18:02 of 2nd period - Mike Cammalleri wins face-off versus Stephen Weiss in Devils zone.
18:06 of 2nd period - Wrist shot by Mike Cammalleri.
18:06 of 2nd period - Stopped by Viktor Fasth with a rebound.
18:08 of 2nd period - Backhand shot by Ryane Clowe.
18:08 of 2nd period - Shot Misses the Net.
18:10 of 2nd period - Snap shot by Mike Cammalleri.
18:10 of 2nd period - Shot Hit the Post.
18:12 of 2nd period - Slapshot by Trevor Daley.
18:12 of 2nd period - Shot Misses the Net.
18:14 of 2nd period - Snap shot by Michael Ryder.
18:14 of 2nd period - Shot Blocked by Ben Lovejoy.
18:16 of 2nd period - Slapshot by Ladislav Smid.
18:16 of 2nd period - Shot Blocked by Mike Lundin.
18:18 of 2nd period - Snap shot by Trevor Daley.
18:18 of 2nd period - Stopped by Viktor Fasth with a rebound.
18:20 of 2nd period - Wrist shot by Michael Ryder.
18:20 of 2nd period - Stopped by Viktor Fasth with a rebound.
18:22 of 2nd period - Slapshot by Ladislav Smid.
18:22 of 2nd period - Deflect By Michael Ryder.
18:22 of 2nd period - Stopped by Viktor Fasth with a rebound.
18:24 of 2nd period - Snap shot by Mike Cammalleri.
18:24 of 2nd period - Shot Blocked by Stephen Weiss.
18:38 of 2nd period - Wrist shot by Michael Ryder.
18:38 of 2nd period - Deflect By Mike Cammalleri.
18:38 of 2nd period - Shot Blocked by Stephen Weiss.
18:38 of 2nd period - Puck is out of play.
18:39 of 2nd period - Vincent Lecavalier wins face-off versus Derek Boogaard in Devils zone.
19:09 of 2nd period - Andrei Markov is hit by Ladislav Nagy and loses puck.
19:28 of 2nd period - Ladislav Smid is hit by Andy Greene and loses puck.
Goals for this period are 3 for Devils vs 3 for Flyers.
Shots for this period are 10 for Devils vs 20 for Flyers.

3rd period


0:01 of 3rd period - Vincent Lecavalier wins face-off versus Sydney Crosby in neutral zone.
0:56 of 3rd period - Snap shot by Scottie Upshall.
0:56 of 3rd period - Shot Misses the Net.
1:30 of 3rd period - Derek Boogaard is hit by Zach Parise and loses puck.
1:49 of 3rd period - Brad Ference is hit by Brett Lebda and loses puck.
2:44 of 3rd period - Brad Ference is hit by Stefan Ruzicka and loses puck.
2:56 of 3rd period - Off-side.
2:57 of 3rd period - Pascal Dupuis wins face-off versus Vincent Lecavalier in neutral zone.
3:48 of 3rd period - Wrist shot by Stefan Ruzicka.
3:48 of 3rd period - Stopped by Viktor Fasth with a rebound.
4:08 of 3rd period - Jonathan Ericsson is hit by Zach Parise and loses puck.
4:29 of 3rd period - Scott Hannan is hit by Guillaume Latendresse and loses puck.
4:57 of 3rd period - Snap shot by Michael Ryder.
4:57 of 3rd period - Stopped by Viktor Fasth with a rebound.
4:59 of 3rd period - Slapshot by Mike Cammalleri.
4:59 of 3rd period - Deflect By Ryane Clowe.
4:59 of 3rd period - Stopped by Viktor Fasth without a rebound.
5:00 of 3rd period - Jeff O'Neill wins face-off versus Vincent Lecavalier in Devils zone.
5:01 of 3rd period - Wrist shot by Scottie Upshall.
5:01 of 3rd period - Stopped by Viktor Fasth with a rebound.
5:25 of 3rd period - Brad Ference is hit by Derek Boogaard and loses puck.
5:34 of 3rd period - Wrist shot by Guillaume Latendresse.
5:34 of 3rd period - Deflect By Stephen Weiss.
5:34 of 3rd period - Shot Misses the Net.
5:34 of 3rd period - Puck is out of play.
5:35 of 3rd period - Mike Cammalleri wins face-off versus Vincent Lecavalier in Flyers zone.
5:35 of 3rd period - Mike Cammalleri is hit by Zach Parise.
5:48 of 3rd period - Snap shot by Zach Parise.
5:48 of 3rd period - Stopped by Chris Mason without a rebound.
5:49 of 3rd period - Sydney Crosby wins face-off versus Maxim Afinogenov in Flyers zone.
6:22 of 3rd period - Andrei Markov is hit by Brad Ference and loses puck.
6:47 of 3rd period - Wrist shot by Petr Schastlivy.
6:47 of 3rd period - Shot Misses the Net.
6:57 of 3rd period - Jonas Hoglund is hit by Greg Stewart and loses puck.
7:16 of 3rd period - Jason Arnott is hit by Mike Cammalleri and loses puck.
7:25 of 3rd period - Trevor Daley is hit by Andy Greene and loses puck.
7:46 of 3rd period - Brett Lebda is hit by Jay Bouwmeester and loses puck.
8:28 of 3rd period - Petr Schastlivy is hit by Mike Lundin and loses puck.
8:41 of 3rd period - Guillaume Latendresse is hit by Mike Cammalleri and loses puck.
9:31 of 3rd period - Icing by Andy Greene.
9:32 of 3rd period - Vincent Lecavalier wins face-off versus Sydney Crosby in Devils zone.
10:05 of 3rd period - Michael Ryder is hit by Stephen Weiss.
10:48 of 3rd period - Snap shot by Pascal Dupuis.
10:48 of 3rd period - Shot Misses the Net.
11:40 of 3rd period - Off-side.
11:41 of 3rd period - Stephen Weiss wins face-off versus Jeff O'Neill in neutral zone.
12:10 of 3rd period - Derek Boogaard is hit by Zach Parise and loses puck.
12:28 of 3rd period - Mike Komisarek is hit by Mike Cammalleri and loses puck.
14:17 of 3rd period - Snap shot by Guillaume Latendresse.
14:17 of 3rd period - Stopped by Chris Mason with a rebound.
14:19 of 3rd period - Slapshot by Mike Lundin.
14:19 of 3rd period - Stopped by Chris Mason without a rebound.
14:20 of 3rd period - Stephen Weiss wins face-off versus Sydney Crosby in Flyers zone.
14:21 of 3rd period - Snap shot by Guillaume Latendresse.
14:21 of 3rd period - Stopped by Chris Mason with a rebound.
14:23 of 3rd period - Slapshot by Andy Greene.
14:23 of 3rd period - Shot Misses the Net.
14:25 of 3rd period - Slapshot by Andy Greene.
14:25 of 3rd period - Deflect By Stephen Weiss.
14:25 of 3rd period - Shot Misses the Net.
14:25 of 3rd period - Puck is out of play.
14:26 of 3rd period - Sydney Crosby wins face-off versus Vincent Lecavalier in Flyers zone.
14:30 of 3rd period - Off-side.
14:31 of 3rd period - Sydney Crosby wins face-off versus Vincent Lecavalier in neutral zone.
14:34 of 3rd period - Zach Parise is hit by Derek Boogaard and loses puck.
14:43 of 3rd period - Snap shot by Maxim Afinogenov.
14:43 of 3rd period - Goal by Maxim Afinogenov - Devils : 6 - Flyers : 3.
14:44 of 3rd period - Mike Cammalleri wins face-off versus Vincent Lecavalier in neutral zone.
14:51 of 3rd period - Wrist shot by Michael Ryder.
14:51 of 3rd period - Stopped by Viktor Fasth without a rebound.
14:52 of 3rd period - Vincent Lecavalier wins face-off versus Michael Ryder in Devils zone.
15:19 of 3rd period - Snap shot by Sydney Crosby.
15:19 of 3rd period - Stopped by Viktor Fasth with a rebound.
15:49 of 3rd period - Snap shot by Patrick Eaves.
15:49 of 3rd period - Shot Blocked by Scottie Upshall.
15:55 of 3rd period - Minor Penalty to Jeff O'Neill for Hooking.
15:56 of 3rd period - Zach Parise wins face-off versus Matthew Lombardi in Flyers zone.
16:03 of 3rd period - Slapshot by Vincent Lecavalier.
16:03 of 3rd period - Shot Misses the Net.
16:32 of 3rd period - Slapshot by Mike Komisarek.
16:32 of 3rd period - Stopped by Chris Mason with a rebound.
17:55 of 3rd period - Penalty to Jeff O'Neill is over, Jeff O'Neill is back on ice.
18:02 of 3rd period - Trevor Daley is hit by Ladislav Nagy and loses puck.
18:11 of 3rd period - Patrick Eaves is hit by Ladislav Smid and loses puck.
18:12 of 3rd period - Patrick Eaves from Devils is injured at 18:12 of 3rd period (Left Hand).
18:13 of 3rd period - Vincent Lecavalier wins face-off versus Sydney Crosby in Devils zone.
18:17 of 3rd period - Off-side.
18:18 of 3rd period - Sydney Crosby wins face-off versus Vincent Lecavalier in neutral zone.
18:33 of 3rd period - Wrist shot by Derek Boogaard.
18:33 of 3rd period - Shot Misses the Net.
19:11 of 3rd period - Slapshot by Trevor Daley.
19:11 of 3rd period - Deflect By Mike Komisarek.
19:11 of 3rd period - Stopped by Viktor Fasth with a rebound.
19:31 of 3rd period - Snap shot by Ladislav Nagy.
19:31 of 3rd period - Stopped by Chris Mason with a rebound.
19:33 of 3rd period - Snap shot by Ladislav Nagy.
19:33 of 3rd period - Deflect By Dustin Boyd.
19:33 of 3rd period - Shot Blocked by Derek Boogaard.
19:33 of 3rd period - Puck is out of play.
19:34 of 3rd period - Jeff O'Neill wins face-off versus Dustin Boyd in Flyers zone.
Goals for this period are 1 for Devils vs 0 for Flyers.
Shots for this period are 7 for Devils vs 7 for Flyers.


Output by the SimonT Hockey Simulator (STHS) for François Prévost -- Original Page W3C XHTML 1.0 Valid
Hockey Simulator - Hockey Simulation - Hockey Manager